 Dungeon Crawl Stone Soup version 0.23-a0-470-g6f7cfd9739 (webtiles) character file.

6519 Hebeqt the Bludgeoner (level 10, -1/85 HPs)
             Began as a Minotaur Berserker on Nov 27, 2018.
             Was a High Priest of Trog.
             Slain by a killer bee (4 damage)
             ... on level 9 of the Dungeon.
             The game lasted 00:33:13 (8432 turns).

Hebeqt the Bludgeoner (Minotaur Berserker)          Turns: 8432, Time: 00:33:14

Health: -1/85      AC: 14    Str: 25    XL:     10   Next: 69%
Magic:  9/9        EV:  7    Int:  4    God:    Trog [*****.]
Gold:   529        SH:  0    Dex: 10    Spells: 9/9 levels left

rFire    . . .     SeeInvis .   L - +1 dire flail (protect)
rCold    . . .     Gourm    .   (shield currently unavailable)
rNeg     . . .     Faith    .   K - +0 plate armour
rPois    .         Spirit   .   (helmet restricted)
rElec    .         Reflect  .   (no cloak)
rCorr    .         Harm     .   (no gloves)
MR       .....                  H - +2 pair of boots
Stlth    ..........             (no amulet)
HPRegen  0.24/turn              (no ring)
MPRegen  0.11/turn              (no ring)

@: lethally poisoned (-1 -> -10), berserk cooldown
A: retaliatory headbutt, horns 2, talons 1, robust 1
a: Berserk, Trog's Hand, Brothers in Arms, Renounce Religion


You were on level 9 of the Dungeon.
You worshipped Trog.
Trog was extremely pleased with you.
You were very hungry.

You visited 1 branch of the dungeon, and saw 9 of its levels.

You collected 529 gold pieces.

Inventory:

Hand Weapons
 a - a +0 mace
 q - a +0 flail
 A - a +2 battleaxe of electrocution
 L - a +1 dire flail of protection (weapon)
 N - a +0 spear of chaos
Armour
 b - a +1 chain mail
 j - a +0 large shield
 D - a +0 buckler
 H - a +2 pair of boots (worn)
 K - a +0 plate armour (worn)
Jewellery
 h - an uncursed ring of ice {unknown}
 F - an uncursed amulet of harm
 I - a cursed ring of teleportation {unknown}
Wands
 k - a wand of clouds (6)
 s - a wand of paralysis (7)
 x - a wand of flame (19)
 B - a wand of disintegration (13)
 E - a wand of iceblast (25)
 M - a wand of random effects (5)
Scrolls
 d - 7 scrolls of identify
 e - a scroll of magic mapping
 i - 2 scrolls of fog
 o - 3 scrolls of enchant armour
 u - 2 scrolls of immolation {unknown}
 w - 3 scrolls of teleportation
 y - 3 scrolls of remove curse
 C - 2 scrolls of enchant weapon {unknown}
 G - a scroll of fear {unknown}
 O - a scroll of torment {unknown}
Potions
 f - a potion of ambrosia {unknown}
 g - a potion of resistance {unknown}
 l - 2 potions of haste {unknown}
 m - 4 potions of curing {unknown}
 n - 3 potions of degeneration {unknown}
 p - a potion of brilliance {unknown}
 r - 3 potions of heal wounds {unknown}
 t - a potion of agility {unknown}
 v - 2 potions of lignification {unknown}
 z - a potion of flight {unknown}
 J - a potion of might {unknown}
Comestibles
 c - 9 rations


   Skills:
 - Level 3.9 Fighting
 * Level 18.0 Maces & Flails
 - Level 2.5 Armour
 - Level 2.3 Dodging


You had 9 spell levels left.
You didn't know any spells.
Your spell library was empty.

Dungeon Overview and Level Annotations

Branches:
Dungeon (9/15)             Temple (0/1) D:7            Lair (0/6) D:9
    Orc: D:9-12

Altars:
Ashenzari
Cheibriados
Hepliaklqana
Kikubaaqudgha
Sif Muna
Trog
Uskayaw
Vehumet
Xom
Yredelemnul

Annotations:
D:4 2 transporters


Innate Abilities, Weirdness & Mutations

You reflexively headbutt those who attack you in melee.
You have a pair of horns on your head.
You have sharp toenails.
You are robust. (+10% HP)


Message History

The orc wizard gestures wildly while chanting.
The orc wizard blinks!
The killer bee barely misses you. You furiously retaliate!
You headbutt the killer bee!
You feel sick.
The killer bee stings you but does no damage.
You feel sick. The killer bee stings you.
* * * LOW HITPOINT WARNING * * *
The killer bee stings you but does no damage.
The orc wizard mumbles some strange words.
The orc wizard seems to speed up.
The killer bee stings you but does no damage.
* * * LOW HITPOINT WARNING * * *
You feel sick. The killer bee stings you.
* * * LOW HITPOINT WARNING * * *
The killer bee barely misses you.
* * * LOW HITPOINT WARNING * * *
You feel sick.
The killer bee stings you but does no damage.
The killer bee stings you.
You die...

#o.........# #YS.:......# #.....#
#†c........# #.....# #F###'#....#
#.....#
#Y#...#....#+#######+#####.....+
#Y#...#........................#
#.#...'........................#
##O#####...o..Yy................#
.........O.YY.Yy@...............#
......>......y..................#
.......###+#####..........<.....#
.......# +................#
......†# #................#
.......# #..#########......
#####..# #..# #...... #... ....#
#...... #... ......# #......


You could see 4 death yaks, an ogre, 3 killer bees and an orc wizard.

Vanquished Creatures
  A dancing weapon (D:8)
  The ghost of xoxolimbo the Geomancer, a novice DDEE of Makhleb (D:8)
  A death yak (D:9)
  A hornet (D:7)
  3 hippogriffs (D:8)
  A hungry ghost (D:7)
  A water moccasin (D:8)
  An orc warrior (D:8)
  3 phantoms
  4 ice beasts
  4 ogres
  2 sky beasts (D:7)
  A black bear (D:6)
  3 centaurs
  3 big kobolds (D:8)
  2 elf zombies (D:5)
  Blork the orc (D:5)
  4 bullfrogs
  A water moccasin zombie (D:7)
  An elf skeleton (D:5)
  3 scorpions
  A killer bee (D:9)
  A howler monkey (D:4)
  3 vampire bats (D:5)
  A quasit (D:5)
  A centaur zombie (D:6)
  2 jellies
  3 orc priests
  3 hounds
  A centaur skeleton (D:5)
  A gnoll shaman (D:4)
  A human skeleton (D:5)
  6 orc wizards
  A bullfrog skeleton (D:4)
  3 iguanas
  4 worker ants
  A hound zombie (D:7)
  2 hound skeletons
  9 gnolls
  9 adders
  2 shadow imps
  An ooze (D:5)
  An adder zombie (D:6)
  An adder skeleton (D:5)
  2 worms
  2 dart slugs
  A leopard gecko (D:2)
  11 orcs
  5 bat skeletons (D:5)
  A bat zombie (D:5)
  4 giant cockroaches
  8 goblins
  11 hobgoblins
  5 jackals
  23 kobolds
  4 quokkas
  A ball python (D:1)
  4 bats
  5 frilled lizards
  2 gnoll zombies (D:2)
  A leopard gecko skeleton (D:7)
  2 orc skeletons (D:5)
  A quokka skeleton (D:5)
  5 rats
198 creatures vanquished.

Notes
Turn   | Place    | Note
-------+----------+-------------------------------------------
     0 | D:1      | Hebeqt the Minotaur Berserker began the quest for the Orb.
     0 | D:1      | Reached XP level 1. HP: 19/19 MP: 0/0
    83 | D:1      | Reached XP level 2. HP: 20/27 MP: 1/1
   154 | D:1      | Reached skill level 4 in Maces & Flails
  1015 | D:2      | Reached XP level 3. HP: 33/33 MP: 2/2
  1045 | D:2      | Reached ** piety under Trog
  1146 | D:2      | Reached skill level 5 in Maces & Flails
  1290 | D:2      | Gained mutation: You have sharp toenails. [potion of
                  | mutation]
  1290 | D:2      | Gained mutation: Your spells are a little easier to cast,
                  | but a little less powerful. [potion of mutation]
  1290 | D:2      | Gained mutation: Scrolls take you a little longer to read.
                  | [potion of mutation]
  1290 | D:2      | Gained mutation: You are partially covered in molten
                  | scales. (AC +2) [potion of mutation]
  1635 | D:2      | Found a basalt altar of Yredelemnul.
  1888 | D:3      | Reached XP level 4. HP: 40/40 MP: 3/3
  2078 | D:3      | Reached skill level 6 in Maces & Flails
  2838 | D:4      | Found a transporter.
  2871 | D:4      | Reached XP level 5. HP: 46/46 MP: 4/4
  2875 | D:4      | Noticed a -3 dagger
  2876 | D:4      | Found a hide-covered altar of Uskayaw.
  2876 | D:4      | Noticed a +0 hand axe
  2886 | D:4      | Reached skill level 7 in Maces & Flails
  2907 | D:4      | Noticed an ogre
  2914 | D:4      | Killed an ogre
  2914 | D:4      | Reached skill level 8 in Maces & Flails
  2914 | D:4      | Reached XP level 6. HP: 35/52 MP: 5/5
  3009 | D:4      | Found a radiant altar of Vehumet.
  3039 | D:4      | Lost mutation: Scrolls take you a little longer to read.
                  | [potion of mutation]
  3039 | D:4      | Lost mutation: Your spells are a little easier to cast, but
                  | a little less powerful. [potion of mutation]
  3039 | D:4      | Lost mutation: You are partially covered in molten scales.
                  | (AC +2) [potion of mutation]
  3039 | D:4      | Gained mutation: You are frail. (-10% HP) [potion of
                  | mutation]
  3039 | D:4      | Lost mutation: You are frail. (-10% HP) [potion of
                  | mutation]
  3039 | D:4      | Gained mutation: You are robust. (+10% HP) [potion of
                  | mutation]
  3125 | D:4      | Found a transporter.
  3169 | D:4      | Noticed an ice beast
  3175 | D:4      | Killed an ice beast
  3175 | D:4      | Reached skill level 9 in Maces & Flails
  3327 | D:5      | Entered Level 5 of the Dungeon
  3348 | D:5      | Found an ancient bone altar of Kikubaaqudgha.
  3352 | D:5      | Reached XP level 7. HP: 62/63 MP: 6/6
  3355 | D:5      | Reached *** piety under Trog
  3387 | D:5      | Noticed Blork the orc
  3391 | D:5      | Killed Blork the orc
  3391 | D:5      | Reached skill level 10 in Maces & Flails
  3617 | D:5      | Found a sand-covered staircase.
  3624 | D:5      | Reached skill level 11 in Maces & Flails
  3655 | D:5      | Reached XP level 8. HP: 49/72 MP: 7/7
  3817 | D:5      | Reached skill level 12 in Maces & Flails
  4397 | D:6      | Reached skill level 13 in Maces & Flails
  4766 | D:6      | Reached XP level 9. HP: 54/78 MP: 8/8
  4767 | D:6      | Reached **** piety under Trog
  4773 | D:6      | Identified the cursed +0 quarterstaff of the Philosopher
                  | {elec, *Drain rPois MR+ SInv}
  5428 | D:7      | Found a deep blue altar of Sif Muna.
  5437 | D:7      | Reached skill level 14 in Maces & Flails
  5726 | D:7      | Found a staircase to the Ecumenical Temple.
  5861 | D:7      | Found a snail-covered altar of Cheibriados.
  5861 | D:7      | Found a bloodstained altar of Trog.
  5877 | D:7      | Found a faded altar of an unknown god.
  5888 | D:7      | Found a faded altar of an unknown god.
  5889 | D:7      | Found a hazy altar of Hepliaklqana.
  5933 | D:7      | Reached skill level 15 in Maces & Flails
  6265 | D:7      | Paralysed by a hornet for 2 turns
  7179 | D:8      | Reached skill level 16 in Maces & Flails
  7259 | D:8      | Reached ***** piety under Trog
  7270 | D:8      | Reached XP level 10. HP: 85/85 MP: 9/9
  7425 | D:8      | Found a shattered altar of Ashenzari.
  7813 | D:8      | Found a runed door.
  7813 | D:8      | Found a shimmering altar of Xom.
  7813 | D:8      | Noticed xoxolimbo's ghost (novice DDEE)
  7813 | D:8      | Noticed a +0 spear of chaos
  8074 | D:8      | Killed xoxolimbo's ghost
  8074 | D:8      | Reached skill level 17 in Maces & Flails
  8078 | D:8      | Killed a +0 spear of chaos
  8398 | D:9      | Noticed a death yak
  8400 | D:9      | Found a staircase to the Lair.
  8400 | D:9      | Noticed a death yak
  8400 | D:9      | Noticed a death yak
  8400 | D:9      | Noticed a death yak
  8401 | D:9      | Noticed a death yak
  8411 | D:9      | Killed a death yak
  8411 | D:9      | Reached skill level 18 in Maces & Flails
  8431 | D:9      | HP: 3/85 [killer bee (2)]
  8432 | D:9      | Slain by a killer bee

Vault maps used:
D:1:      kennysheep_arrival_seaside
D:2:      lemuel_zombie_altar_yredelemnul
D:3:      first_ration
D:4:      gammafunk_steamed_eel, vehumet_altar_wand_db, dancing_weapons_uskayaw
D:5:      kennysheep_vampire_church, nicolae_ossuary_entry_catacombs,
          uniq_blork_the_orc
D:7:      chequers_temple_overflow_minitemple, minmay_temple_entry_large_hall,
          basic_altar, kennysheep_flooded_box
D:8:      lemuel_doored_altar, ebering_ghost_xom
D:9:      dpeg_lair_monsters, hangedman_little_slice_of_home, minivault_1,
          uniq_pikel

Skill      XL: |  1  2  3  4  5  6  7  8  9 10 |
---------------+-------------------------------+-----
Maces & Flails | 4 5 6 8 9 11 13 16 18 | 18.0
Fighting       | |  3.9
Armour         | |  2.5
Dodging        | |  2.3

Action                   |  1- 3 |  4- 6 |  7- 9 | 10-12 || total
-------------------------+-------+-------+-------+-------++-------
Melee: Mace              |    92 |    19 |       |       ||   111
       Headbutt          |    13 |    14 |    62 |    23 ||   112
       Kick              |     5 |    19 |    64 |       ||    88
       Flail             |       |    59 |   272 |    24 ||   355
       Dire flail        |       |       |       |    62 ||    62
Invok: Berserk           |     1 |     1 |     6 |     3 ||    11
       Trog's Hand       |       |     1 |     1 |       ||     2
  Use: Scroll            |     5 |     3 |       |       ||     8
       Potion            |     1 |     1 |       |       ||     2
 Stab: Invisible         |       |       |       |     1 ||     1
  Eat: Chunk             |     3 |     4 |     2 |     6 ||    15
       Ration            |       |     1 |     6 |       ||     7
Armor: Chain mail        |    50 |    55 |   122 |    40 ||   267
       Scale mail        |     2 |       |       |       ||     2
       Plate armour      |       |       |       |    27 ||    27
Dodge: Dodged            |    42 |    45 |   100 |    42 ||   229

Table legend:
 A = Non-vault XP
 B = Vault XP
 C = Vault XP percentage of total XP
 D = Non-vault monster count
 E = Vault monster count
 F = Vault count percentage of total count
                 A         B        C        D         E       F
            +---------+---------+-------+---------+---------+-------
      Total |    6179 |    3134 |  33.7 |     176 |      22 |  11.1
            +---------+---------+-------+---------+---------+-------
        D:1 |      36 |       0 |   0.0 |      22 |       0 |   0.0
        D:2 |      45 |       3 |   6.2 |      13 |       2 |  13.3
        D:3 |      92 |       0 |   0.0 |      21 |       0 |   0.0
        D:4 |     536 |       2 |   0.4 |      15 |       1 |   6.2
        D:5 |     882 |     590 |  40.1 |      16 |      16 |  50.0
        D:6 |     825 |       0 |   0.0 |      25 |       0 |   0.0
        D:7 |    1701 |       0 |   0.0 |      24 |       0 |   0.0
        D:8 |    1965 |    1718 |  46.6 |      37 |       2 |   5.1
        D:9 |      97 |     821 |  89.4 |       3 |       1 |  25.0
            +---------+---------+-------+---------+---------+-------
